 Dungeon Sprint DCSS version 0.30-a0-879-ga8ba668304 (webtiles) character file.

Game seed: 16273710626572278311

17 Hubris850 the Magician (level 2, -1/22 HPs)
             Began as a Mummy Reaver on Mar 13, 2023.
             Was a Believer of Kikubaaqudgha.
             Slain by a phantom (7 damage)
             ... in the Dungeon (Sprint VII: "The Pits").
             The game lasted 00:02:00 (172 turns).

Hubris850 the Magician (Mummy Reaver)                Turns: 172, Time: 00:02:00

Health: -1/22      AC:  3    Str: 15    XL:     2   Next: 44%
Magic:  8/8        EV: 11    Int: 12    God:    Kikubaaqudgha [**....]
Gold:   0          SH:  0    Dex: 10    Spells: 10/11 levels left

rFire   x . .      SeeInvis .    d - +2 dagger
rCold   + . .      Faith    +    (no shield)
rNeg    + + +      Spirit   .    b - +0 leather armour
rPois   ∞          Reflect  .    (no helmet)
rElec   .          Rampage  .    (no cloak)
rCorr   .          NoTele   +    (no gloves)
Will    .....                    (no boots)
Stlth   +                        (no amulet)
HPRegen 0.23/turn                (no ring)
MPRegen 0.11/turn                (no ring)

@: no status effects
A: cold resistance 1, negative energy resistance 3, torment resistance 2, heat
vulnerability 1, no potions, faith
a: Renounce Religion, Unearth Wretches


You were in the Dungeon.
You worshipped Kikubaaqudgha.
Kikubaaqudgha was pleased with you.
You visited 1 branch

Inventory:

Hand Weapons
 a - a +0 short sword
 d - a +2 dagger (weapon)
 g - a +1 dagger of draining
Armour
 b - a +0 leather armour (worn)
Scrolls
 c - a scroll of blinking
 e - 5 scrolls of amnesia


   Skills:
 - Level 2.0 Fighting
 - Level 2.4 Short Blades
 - Level 1.5 Dodging
 + Level 5.0 Spellcasting
 - Level 2.4 Conjurations
 + Level 3.3 Necromancy


You had 10 spell levels left.
You knew the following spells:

 Your Spells              Type           Power      Damage    Failure   Level
a - Kiss of Death         Conj/Necr      36%        2d8       8%          1

Your spell library contained the following spells:

 Spells                   Type           Power      Damage    Failure   Level
 Necrotise                Necr           44%        1d6       6%          1
 Vampiric Draining        Necr           11%        2d6       19%         3
 Momentum Strike          Conj/Tloc      10%        3d8       22%         2
 Hailstorm                Conj/Ice       5%         3d4       41%         3
 Animate Dead             Necr           11%        N/A       52%         4


Dungeon Overview and Level Annotations

Branches:
Dungeon (1/1)

Altars:
Ashenzari
Cheibriados
Dithmenos
Fedhas
Gozag
Hepliaklqana
Kikubaaqudgha
Makhleb
Nemelex Xobeh
Okawaru
Qazlal
Ru
Sif Muna
Trog
Uskayaw
Vehumet
Wu Jian
Xom
Yredelemnul
Jiyva
Lugonu


Innate Abilities, Weirdness & Mutations

You are immune to poison.
Your flesh is cold resistant. (rC+)
You are immune to negative energy. (rN+++)
You are immune to unholy pain and torment.
You are vulnerable to heat. (rF-)
You do not drink.
You have a special connection with the divine. (Faith)


Message History

The phantom is lightly damaged.
The jackal skeleton bites you.
You hit the phantom.
The phantom is moderately damaged.
The phantom closely misses you.
The jackal skeleton bites you but does no damage.
You closely miss the phantom.
The phantom is moderately damaged.
The jackal skeleton closely misses you. The phantom hits you.
You hit the phantom.
The phantom is moderately damaged.
The jackal skeleton closely misses you. The phantom hits you.
You hit the phantom.
The phantom is heavily damaged.
The jackal skeleton closely misses you. The phantom barely misses you.
You hit the phantom.
The phantom is heavily damaged.
The jackal skeleton bites you but does no damage.
The phantom hits you but does no damage.
You hit the phantom.
The phantom is heavily damaged.
The jackal skeleton closely misses you. The phantom hits you.
The jackal skeleton bites you but does no damage.
You barely miss the phantom.
The phantom is heavily damaged.
The jackal skeleton barely misses you.
The phantom hits you but does no damage.
You closely miss the phantom.
The phantom is heavily damaged.
The jackal skeleton closely misses you.
You hit the phantom.
The phantom is heavily damaged.
The phantom hits you.
* * * LOW HITPOINT WARNING * * *
The jackal skeleton bites you but does no damage.
You barely miss the phantom.
The phantom is heavily damaged.
The phantom hits you!
You die...
Kikubaaqudgha rasps: "You have failed me!
Welcome... oblivion!"

##########.##..........
#.......)...'..........
+#####'#####......#..#
#..#..# #..........
#..'..# ####'#####+
#†.#### #.......#
#†.#..# #.......#
#..#WZ# #.......#
##'#@.#+###...<...#
#........##.......#
#........##.......#
###########.......#
#########


You could see a phantom and a jackal skeleton.

Vanquished Creatures
  A gnoll (D)
  An endoplasm (D)
  A goblin (D)
  A quokka (D)
  A ball python (D)
  2 bats (D)
  A rat (D)
8 creatures vanquished.

Notes
Turn   | Place    | Note
-------+----------+-------------------------------------------
     0 | D        | Hubris850 the Mummy Reaver began the quest for the Orb.
     0 | D        | Reached XP level 1. HP: 16/16 MP: 4/4
    13 | D        | Reached skill level 3 in Spellcasting
    13 | D        | Reached skill level 1 in Necromancy
    36 | D        | Found a basalt altar of Yredelemnul.
    36 | D        | Found a shimmering altar of Xom.
    36 | D        | Found an ornate altar of the Wu Jian Council.
    36 | D        | Found a bloodstained altar of Trog.
    36 | D        | Found a shimmering blue altar of Sif Muna.
    36 | D        | Found a sacrificial altar of Ru.
    36 | D        | Found a stormy altar of Qazlal.
    36 | D        | Found an iron altar of Okawaru.
    36 | D        | Found a sparkling altar of Nemelex Xobeh.
    36 | D        | Found a burning altar of Makhleb.
    36 | D        | Found a viscous altar of Jiyva.
    36 | D        | Found a hazy altar of Hepliaklqana.
    36 | D        | Found an opulent altar of Gozag.
    36 | D        | Found a blossoming altar of Fedhas.
    36 | D        | Found a shadowy altar of Dithmenos.
    36 | D        | Found a snail-covered altar of Cheibriados.
    37 | D        | Found a radiant altar of Vehumet.
    37 | D        | Found a corrupted altar of Lugonu.
    38 | D        | Found an ancient bone altar of Kikubaaqudgha.
    38 | D        | Found a hide-covered altar of Uskayaw.
    38 | D        | Found a broken altar of Ashenzari.
    46 | D        | Became a worshipper of Kikubaaqudgha
    70 | D        | Reached skill level 4 in Spellcasting
    70 | D        | Reached XP level 2. HP: 12/22 MP: 3/7
   120 | D        | Reached * piety under Kikubaaqudgha
   120 | D        | Received a gift from Kikubaaqudgha
   126 | D        | Reached ** piety under Kikubaaqudgha
   127 | D        | Reached skill level 5 in Spellcasting
   155 | D        | Noticed a phantom
   172 | D        | Slain by a phantom

Illustrated notes

Levels and vault maps discovered:
D:        pitsprint [storerooms_1, entrance_room_1, metal_vault_1, armoury_2,
          mini_pit_1, grid_room_1, main_hall_1, silver_pit, the_coven_2,
          the_vestibule_1, steel_vault_5, golden_pit, hallway_of_sentries,
          crystal_vault_2, iron_vault_1, final_vault]

Skill      XL: |  1  2 |
---------------+-------+-----
Spellcasting   | 4 5 |  5.0
Necromancy     | 2 3 |  3.3
Fighting       | |  2.0
Short Blades   | |  2.4
Dodging        | |  1.5
Conjurations   | |  2.4

Action                     || total
---------------------------++-------
  Melee: Dagger            ||    34
         Short sword       ||     3
   Cast: Kiss of Death     ||     1
    Use: Scroll            ||     1
 Armour: Leather armour    ||    13
  Dodge: Dodged            ||    24

Table legend: (Time is in decaauts)
 A = Elapsed time spent in this place.
 B = Non-inter-level travel time spent in this place.
 C = Inter-level travel time spent in this place.
 D = Time resting spent in this place.
 E = Time spent auto-exploring this place.
 F = Levels seen in this place.
 G = Mean time per level.
                   A        B        C        D        E       F      G
               +--------+--------+--------+--------+--------+-----+--------+
         Total |    166 |    166 |      0 |     45 |      0 |   1 |  166.0 |
       Dungeon |    166 |    166 |      0 |     45 |      0 |   1 |  166.0 |
               +--------+--------+--------+--------+--------+-----+--------+

Top non-repeatable levels by time:
       D: 166 daAuts
